 Dungeon Crawl Stone Soup version 0.30-b1-2-g02819fbbbe (webtiles) character file.

Game seed: 13469291704834093967

934012 Fartwhistle the Ruinous (level 27, -46/199 (217) HPs)
             Began as an Octopode Transmuter on June 11, 2023.
             Was the Champion of Cheibriados.
             Killed from afar by a Tzitzimitl (53 damage)
             ... with a bolt of negative energy
             ... while paralysed by Ereshkigal
             ... on level 7 of Tartarus on June 12, 2023.
             The game lasted 04:38:47 (80465 turns).

Fartwhistle the Ruinous (Octopode Transmuter)      Turns: 80465, Time: 04:38:47

HP:   -46/199 (217) AC: 11    Str: 44    XL:     27
MP:   48/52         EV:  2    Int: 51    God:    Cheibriados [******]
Gold: 9769          SH:  0    Dex: 36    Spells: 14/58 levels left

rFire   + +          +
                       - Unarmed
rCold   + . .        e - +0 buckler of the Lion {rF+ rC+ SInv Stlth+}
rNeg    . . .        T - +2 hat {Int+3}
rPois   +            j - amulet of reflection
rElec   .            l - ring of the Octopus King {Fly HP+2 AC+2 EV+2 SH+2}
rCorr   .            V - +6 ring of intelligence
SInv    +            o - ring of the Dozen Dances {rF+ Str+5 Int+2}
Will    +....        B - ring of Spite {rF+ Str+6 Dex+4}
Stlth   ++++++       A - +4 ring of protection
HPRegen 0.53/turn    R - ring "Gielay" {Wiz +Blink}
MPRegen 0.33/turn    y - ring of Berhuuxa {Contam rPois MP+9 Str+4 Slay+4}
                     g - ring "Iseepix" {Will+ Dex+3 Stlth+}

%: reflection, clarity, wizardry (x1)
@: paralysed, mighty, flying, studying 3 skills, silenced, drained, unable to
drink, weak-willed, very slow
A: almost no armour, amphibious, 8 rings, camouflage 1, gelatinous body 1,
(nimble swimmer 1), tentacles, tentacle spike 1, iridescent scales 1, clarity,
clever 1, inability to drink after injury 1, MP-powered wands
}: 9/15 runes: decaying, serpentine, slimy, silver, abyssal, demonic, glowing,
magical, fiery
a: Renounce Religion, Evoke Blink


You were on level 7 of Tartarus.
You worshipped Cheibriados.
Cheibriados was exalted by your worship.
You visited 14 branches of the dungeon, and saw 61 of its levels.
You visited Pandemonium 1 time, and saw 14 of its levels.
You visited the Abyss 4 times.
You visited 1 bazaar.
You also visited: Sewer, Gauntlet and Desolation.

You collected 12140 gold pieces.
You spent 2371 gold pieces at shops.

Inventory:

Armour
 e - the +0 buckler of the Lion (worn) {rF+ rC+ SInv Stlth+}
   (You acquired it on level 3 of the Snake Pit)

   rF:        It protects you from fire.
   rC:        It protects you from cold.
   SInv:      It lets you see invisible.
   Stlth:     It makes you more stealthy.
 T - a +2 hat of intelligence (worn)
Magical Staves
 D - the staff of conjuration "Toasuih" {rElec Will+ rCorr Dex+3}
   (You found it on level 1 of the Depths)

   [staff of conjuration]

   Base accuracy: +5 Base damage: 5 Base attack delay: 1.2 This weapon's minimum
   attack delay (0.6) is reached at skill level 12.
   Dex:       It affects your dexterity (+3).
   rElec:     It insulates you from electricity.
   rCorr:     It protects you from acid and corrosion.
   Will:      It increases your willpower.
   It falls into the 'Staves' category.
   It is a one-tentacled weapon.
Jewellery
 a - a ring of fire
 g - the ring "Iseepix" (on tentacle) {Will+ Dex+3 Stlth+}
   (You took it off a vampire on level 3 of the Crypt)

   [ring of willpower]

   Dex:       It affects your dexterity (+3).
   Will:      It increases your willpower.
   Stlth:     It makes you more stealthy.
 j - an amulet of reflection (around mantle)
 l - a ring of the Octopus King (left tentacle) {Fly HP+2 AC+2 EV+2 SH+2}
   (You found it on level 3 of the Elven Halls)

   [ring of flight]

   AC:        It affects your AC (+2).
   EV:        It affects your evasion (+2).
   HP:        It affects your health (+2).
   Fly:       It grants you flight.
   SH:        It affects your SH (+2).
 o - the ring of the Dozen Dances (on tentacle) {rF+ Str+5 Int+2}
   (You found it in the Desolation of Salt)

   [ring of protection from fire]

   Str:       It affects your strength (+5).
   Int:       It affects your intelligence (+2).
   rF:        It protects you from fire.
 u - a ring of protection from cold
 y - the ring of Berhuuxa (on tentacle) {Contam rPois MP+9 Str+4 Slay+4}
   (You found it in the Desolation of Salt)

   [ring of slaying]

   Str:       It affects your strength (+4).
   Slay:      It affects your accuracy & damage with ranged weapons and melee
   (+4).
   rPois:     It protects you from poison.
   MP:        It affects your magic capacity (+9).
   Contam:    It causes magical contamination when unequipped.
 A - a +4 ring of protection (on tentacle)
 B - the ring of Spite (on tentacle) {rF+ Str+6 Dex+4}
   (You acquired it on level 8 of the Dungeon)

   [ring of strength]

   Str:       It affects your strength (+6).
   Dex:       It affects your dexterity (+4).
   rF:        It protects you from fire.
 R - the ring "Gielay" (on tentacle) {Wiz +Blink}
   (You found it on level 5 of the Vaults)

   [ring of wizardry]

   It improves your spell success rate.
   +Blink:    It lets you blink.
 V - a +6 ring of intelligence (right tentacle)
 W - the ring "Igoufotz" {Fly rF+ rN+}
   (You found it in Pandemonium)

   [ring of flight]

   rF:        It protects you from fire.
   rN:        It protects you from negative energy.
   Fly:       It grants you flight.
 Y - the amulet of Equivalence {Faith Int+5}
   (You found it on level 2 of the Vaults)

   [amulet of faith]

   It allows you to gain divine favour quickly.
   Int:       It affects your intelligence (+5).
 Z - a ring of resist corrosion
Wands
 z - a wand of paralysis (52)
 G - a wand of mindburst (22)
 J - a wand of digging (23)
 N - a wand of acid (35)
 P - a wand of polymorph (37)
 U - a wand of roots (51)
Scrolls
 b - 19 scrolls of immolation
 f - 4 scrolls of torment
 i - 9 scrolls of fear
 k - 7 scrolls of enchant weapon
 m - 12 scrolls of blinking
 n - 14 scrolls of teleportation
 q - 3 scrolls of summoning
 r - 4 scrolls of magic mapping
 s - 4 scrolls of brand weapon
 F - 4 scrolls of enchant armour
 H - 10 scrolls of amnesia
 M - 13 scrolls of vulnerability
 Q - 14 scrolls of fog
 X - a scroll of silence
Potions
 d - 7 potions of might
 h - 2 potions of flight
 p - 24 potions of curing
 t - 4 potions of resistance
 v - 3 potions of cancellation
 x - 10 potions of magic
 E - 11 potions of heal wounds
 I - 6 potions of attraction
 K - 12 potions of brilliance
 L - 4 potions of berserk rage
Miscellaneous
 c - a phial of floods
 w - a condenser vane (inert)
 O - a lightning rod (4/4)
 S - a phantom mirror


   Skills:
 + Level 24.3 Fighting
 + Level 17.9 Dodging
 - Level 3.0 Shields
 + Level 21.6 Unarmed Combat
 + Level 16.4 Spellcasting
 - Level 24.7 Conjurations
 - Level 16.0 Necromancy
 - Level 19.6 Transmutations
 - Level 23.2 Fire Magic
 - Level 3.0 Ice Magic
 - Level 14.4 Earth Magic
 - Level 3.0 Poison Magic
 - Level 9.2 Invocations
 - Level 9.7 Evocations


You had 14 spell levels left.
You knew the following spells:

 Your Spells              Type           Power      Damage    Failure   Level
a - Beastly Appendage     Tmut           100%       N/A       0%          1
b - Wereblood             Tmut           100%       N/A       0%          2
d - Ice Form              Ice/Tmut       100%       N/A       1%          4
e - Statue Form           Tmut/Erth      80%        N/A       1%          6
f - Iron Shot             Conj/Erth      63%        9d12      0%          6
g - Fire Storm            Conj/Fire      68%        8d17      1%          9
h - Necromutation         Tmut/Necr      61%        N/A       1%          8
i - Lehudib's Crystal Sp  Conj/Erth      63%        10d15     1%          8

Your spell library contained the following spells:

 Spells                   Type           Power      Damage    Failure   Level
 Kiss of Death            Conj/Necr      100%       2d13      0%          1
 Magic Dart               Conj           100%       1d8       0%          1
 Necrotise                Necr           100%       1d9       0%          1
 Sandblast                Erth           100%       2d20      0%          1
 Shock                    Conj/Air       100%       1d9       0%          1
 Momentum Strike          Conj/Tloc      100%       3d10      0%          2
 Passwall                 Tmut/Erth      100%       N/A       0%          2
 Scorch                   Fire           100%       2d9       0%          2
 Static Discharge         Conj/Air       100%       2-7/arc   0%          2
 Dazzling Flash           Conj/Hex       100%       N/A       0%          3
 Hailstorm                Conj/Ice       100%       3d20      0%          3
 Ignite Poison            Fire/Tmut/Pois 100%       N/A       0%          3
 Inner Flame              Hex/Fire       100%       N/A       0%          3
 Spider Form              Tmut/Pois      100%       N/A       0%          3
 Stone Arrow              Conj/Erth      100%       3d13      0%          3
 Vampiric Draining        Necr           100%       2d13      0%          3
 Volatile Blastmotes      Fire/Tloc      100%       2d18      0%          3
 Animate Dead             Necr           100%       N/A       0%          4
 Dispel Undead            Necr           100%       3d31      0%          4
 Flame Wave               Conj/Fire      100%       2d21      0%          4
 Petrify                  Tmut/Erth      100%       N/A       0%          4
 Sticky Flame             Conj/Fire      100%       2d11      0%          4
 Agony                    Necr           100%       N/A       0%          5
 Blade Hands              Tmut           63%        N/A       0%          5
 Irradiate                Conj/Tmut      66%        3d33      0%          5
 Iskenderun's Battlesphe  Conj           100%       2d15      0%          5
 Starburst                Conj/Fire      68%        6d18      0%          6
 Apportation              Tloc           82%        N/A       1%          1
 Summon Small Mammal      Summ           100%       N/A       1%          1
 Blink                    Tloc           82%        N/A       1%          2
 Call Imp                 Summ           82%        N/A       1%          2
 Cigotuvi's Dreadful Rot  Necr/Pois/Air  100%       N/A       1%          2
 Ensorcelled Hibernation  Hex/Ice        100%       N/A       1%          2
 Call Canine Familiar     Summ           41%        N/A       1%          3
 Confusing Touch          Hex            41%        N/A       1%          3
 Frozen Ramparts          Ice            100%       1d16      1%          3
 Mephitic Cloud           Conj/Pois/Air  94%        N/A       1%          3
 Ozocubu's Armour         Ice            64%        N/A       1%          3
 Portal Projectile        Hex/Tloc       82%        N/A       1%          3
 Summon Guardian Golem    Hex/Summ       41%        N/A       1%          3
 Swiftness                Air            41%        N/A       1%          3
 Tukima's Dance           Hex            41%        N/A       1%          3
 Airstrike                Air            20%        2d(3-19)  1%          4
 Anguish                  Hex/Necr       44%        N/A       1%          4
 Fulminant Prism          Conj/Hex       53%        3d22      1%          4
 Iskenderun's Mystic Bla  Conj/Tloc      100%       2d19      1%          4
 Leda's Liquefaction      Hex/Erth       43%        N/A       1%          4
 Manifold Assault         Tloc           41%        N/A       1%          4
 Olgreb's Toxic Radiance  Pois           64%        N/A       1%          4
 Passage of Golubria      Tloc           41%        N/A       1%          4
 Summon Lightning Spire   Summ/Air       41%        N/A       1%          4
 Alistair's Intoxication  Tmut/Pois      68%        N/A       1%          5
 Arcjolt                  Conj/Air       53%        1d63      1%          5
 Borgnjor's Vile Clutch   Necr/Erth      57%        N/A       1%          5
 Freezing Cloud           Conj/Ice/Air   47%        6-21      1%          5
 Lee's Rapid Deconstruct  Erth           56%        3d26*     1%          5
 Yara's Violent Unravell  Hex/Tmut       48%        3d19      1%          5
 Conjure Ball Lightning   Conj/Air       53%        3x3d18    1%          6
 Death Channel            Necr           58%        N/A       1%          6
 Simulacrum               Ice/Necr       47%        N/A       1%          6
 Dragon Form              Tmut           63%        N/A       1%          7
 Spellforged Servitor     Conj/Summ      53%        N/A       1%          7
 Borgnjor's Revivificati  Necr           58%        N/A       1%          8
 Ignition                 Fire           67%        3d18      1%          8
 Infestation              Necr           58%        N/A       1%          8
 Metabolic Englaciation   Hex/Ice        27%        N/A       2%          5
 Storm Form               Tmut/Air       48%        N/A       3%          7
 Silence                  Hex/Air        20%        N/A       5%          5
 Summon Forest            Summ/Tloc      20%        N/A       5%          5
 Summon Mana Viper        Hex/Summ       41%        N/A       5%          5
 Haunt                    Necr/Summ      44%        N/A       6%          7
 Death's Door             Necr           58%        N/A       26%         9
 Summon Cactus Giant      Summ           20%        N/A       28%         6
 Ozocubu's Refrigeration  Ice            32%        4d14      41%         7
 Shatter                  Erth           56%        3d42*     45%         9
 Chain Lightning          Conj/Air       53%        3d70      73%         9
 Enfeeble                 Hex            20%        N/A       82%         7
 Discord                  Hex            20%        N/A       100%        8
 Disjunction              Tloc           20%        N/A       100%        8
 Maxwell's Capacitive Co  Air            20%        ∞         100%        8


Dungeon Overview and Level Annotations

Branches:
Dungeon (15/15)            Temple (1/1) D:5            Lair (5/5) D:11
  Swamp (4/4) Lair:3        Snake (4/4) Lair:3        Slime (5/5) Lair:4
    Orc (2/2) D:10            Elf (3/3) Orc:2        Vaults (5/5) D:13
  Crypt (3/3) Vaults:3       Tomb (0/3) Crypt:3      Depths (4/4) D:15
   Hell (visited)             Dis (0/7) Hell            Geh (0/7) Hell
    Coc (0/7) Hell            Tar (7/7) Hell            Zot (2/5) Depths:4
  Sewer (visited)         Desolation (visited)      Gauntlet (visited)

Altars:
Cheibriados
Dithmenos
Fedhas
Gozag
Hepliaklqana
Kikubaaqudgha
Makhleb
Okawaru
Ru
Sif Muna
Uskayaw
Vehumet
Wu Jian
Yredelemnul
Zin
The Shining One
Lugonu

Shops:
D:10 !   Orc:2 :[*(   Elf:1 !   Elf:2 [   Elf:3 :   Snake:1 ?   Vaults:5 ?
Depths:4 ?

Portals:
Hell: Depths:1 Depths:2 Depths:3 Depths:4
Abyss: Depths:1*** Depths:2 Depths:3 Depths:4
Pandemonium: Depths:2
Ziggurat: Depths:3
Trove: Elf:3 (give 6 scrolls of fear)

Annotations:
D:3 1 runed translucent door, Crazy Yiuf
D:4 Menkaure
D:9 exclusion: downstairs
D:10 Nergalle
Snake:4 3 runed translucent doors, ioannis32's ghost, adept DsBe
Tar:7 Ereshkigal


Innate Abilities, Weirdness & Mutations

You cannot wear most types of armour.
You are amphibious.
You can wear up to eight rings at the same time.
Your skin changes colour to match your surroundings (Stealth+).
Your rubbery body absorbs attacks. (AC +1, EV +1)
((You are camouflaged when in or above water. (Stealth+)))
You have tentacles for arms and can constrict up to eight enemies at once.
One of your tentacles bears a spike.
You are partially covered in iridescent scales. (AC +2)
You possess an exceptional clarity of mind.
Your mind is acute. (Int +4, Str/Dex -1)
You occasionally lose the ability to drink potions when taking damage.
You expend magic power (3 MP) to strengthen your wands.


Message History

The Tzitzimitl gestures at you.
The bolt of negative energy hits Ereshkigal.
Ereshkigal completely resists.
The bolt of negative energy hits the doom hound.
The doom hound completely resists.
The bolt of negative energy hits you. You partially resist.
You feel drained.
* * * LOW HITPOINT WARNING * * *
The bone dragon bites you but does no damage.
The bone dragon claws you but does no damage.
The bone dragon tramples you but does no damage.
You feel stable enough to blink again.
The Tzitzimitl calls on the powers of darkness!
Your body is wracked with pain!
* * * LOW HITPOINT WARNING * * *
The doom hound bites you!
* * * LOW HITPOINT WARNING * * *
The doom hound claws you.
* * * LOW HITPOINT WARNING * * *
The bone dragon bites you but does no damage.
The bone dragon claws you!
* * * LOW HITPOINT WARNING * * *
The bone dragon barely misses you. The doom hound bites you.
* * * LOW HITPOINT WARNING * * *
The doom hound claws you but does no damage.
The bone dragon bites you but does no damage.
The bone dragon claws you but does no damage.
The bone dragon tramples you but does no damage.
You revert to your normal fleshy form.
The infernal howling subsides.
The doom hound bites you but does no damage.
The doom hound claws you.
* * * LOW HITPOINT WARNING * * *
The Tzitzimitl gestures at you.
The bolt of negative energy hits the putrid mouth.
The putrid mouth completely resists.
The bolt of negative energy hits the doom hound.
The doom hound completely resists.
The bolt of negative energy hits you!!!
You feel drained.
You feel threatened and lose the ability to drink potions!
You die...

.# *#...###............#,***,* .#
*#...##..............#,***,* .#
*..h##........##.....#,,,,,* ,*
*,,##........##*#....#,,,,,* ,*
*,,#.........####....##,,,**
,*****,,#..........##.§°...#,.,*,
,,,,,*,,#........D....○C...#..,*,
,,,,,+,,#........h.W..☼☼.....°,,,
,,,,,+,,#.......@hW1&1.○°.2○°°°,,
,,,,,*,,#.......D.D..1§○§.hC°°,,,
,*****,,#......######○C○..##○,,**
,* *,,#.....#*,,,,###h°.#,,,,,*
,* *,,*.....*,**,,,,2.°.....,,,
,* *,,*..^.,*,**,,,,,.......,,,
,* *,,*...,,*,**,,,,,.......,,,
,* *,,*...,,**,,,,***...#...,,*
,*****,,*,,,,,,******,,...##..,**


You could see Ereshkigal (wandering, silencing, unsilenced), 3 bone dragons, 2
tainted leviathans, 3 doom hounds, 3 Tzitzimimeh and 2 putrid mouths.

Vanquished Creatures
  Cerebov (Pan)
  the Royal Jelly (Slime:5)
  Ignacio (Pan)
  Mnoleg (Pan)
  Lom Lobon (Pan)
  2 dread liches
  4 ancient liches
  Khufu (Crypt:3)
  Mennas (Pan)
  3 royal mummies (Crypt:3)
  Vashnia (Snake:2)
  4 pandemonium lords (Pan)
  Xtahua (Crypt:3)
  Geryon (Hell)
  Jory (Vaults:2)
  9 golden dragons
  22 bone dragons
  8 profane servitors
  Nikola (Elf:3)
  10 doom hounds
  3 Brimstone Fiends (Pan)
  6 Tzitzimimeh
  An electric golem (Zot:1)
  2 spectral shard shrikes
  11 tentacled monstrosities
  9 tainted leviathans
  5 Ice Fiends (Pan)
  6 Hell Sentinels (Pan)
  7 liches
  A walking earthen tome (Depths:2)
  A walking divine tome (Depths:3)
  2 deep elf master archers (Elf:3)
  4 deep elf blademasters
  6 titans (Vaults:5)
  14 Executioners
  10 quicksilver dragons
  2 ancient champions
  Gastronok (Lair:2)
  20 tentacled starspawn
  10 storm dragons
  16 acid blobs
  Agnes (Snake:4)
  9 sphinxes
  10 shadow dragons
  2 thorn hunters
  6 nagarajas
  7 tengu reavers
  6 azure jellies (Slime:5)
  3 draconian monks
  9 rockslimes
  Roxanne (D:14)
  6 demonspawn warmongers (Pan)
  4 fire giants
  8 frost giants
  2 draconian knights
  3 revenants
  A caustic shrike zombie (Depths:3)
  A daeva (Pan)
  A fenstrider witch (Swamp:2)
  22 vault wardens
  7 deep elf sorcerers
  4 iron dragons
  13 ghouls
  Louise (Swamp:2)
  2 draconian scorchers (Zot:1)
  48 balrugs
  4 imperial myrmidons (Desolation)
  A spectral caustic shrike (Tar:3)
  A curse skull (Crypt:1)
  6 demonspawn corrupters (Pan)
  6 deep elf elementalists
  A draconian shifter (Zot:2)
  2 draconian stormcallers (Zot:1)
  5 draconian annihilators
  5 ironbound thunderhulks
  11 quicksilver oozes
  19 ironbound preservers
  23 cacodemons
  2 orc warlords
  2 spriggan defenders (Depths:3)
  35 very ugly things
  7 demonspawn blood saints (Pan)
  4 war gargoyles
  20 stone giants
  A broodmother (shapeshifter) (Abyss:3)
  A caustic shrike skeleton (Crypt:2)
  4 green draconians
  A juggernaut skeleton (Abyss:3)
  25 reapers
  A black draconian (Zot:1)
  2 eleionomae
  8 deep elf demonologists
  10 demonspawn black suns (Pan)
  13 putrid mouths
  8 white draconians
  4 lorocyprocas
  3 red draconians (Zot:1)
  14 vampire knights
  3 bunyips
  A dire elephant (Gauntlet)
  5 spark wasps (Depths:2)
  A wendigo (Hell)
  5 yellow draconians
  A spectral titan (Tar:1)
  9 purple draconians
  A minotaur (Gauntlet)
  14 deep elf annihilators
  Snorg (D:14)
  9 eidola
  5 deep elf death magi
  30 blizzard demons
  A merfolk javelineer (Abyss:3)
  7 ragged hierophants (Desolation)
  2 entropy weavers
  5 crystal guardians
  Josephine (Lair:3)
  A quicksilver dragon zombie (Abyss:3)
  24 green deaths
  14 ettins
  18 jiangshi
  15 yaktaur captains
  10 deep elf high priests
  A shambling mangrove (Swamp:3)
  25 hydras
  17 great orbs of eyes
  A quicksilver dragon skeleton (Abyss:3)
  9 fire dragons
  2 spriggan zombies
  12 ice dragons
  11 rakshasas
  35 vault guards
  3 salamander tyrants
  2 juggernaut simulacra (Pan)
  6 peacekeepers
  4 ogre magi
  8 spriggan air magi
  2 hell beasts
  2 death knights
  10 ironbound frosthearts
  18 alligators
  10 centaur warriors
  8 servants of whispers (Desolation)
  Erica (D:9)
  6 boulder beetles
  A catoblepas (shapeshifter) (Abyss:3)
  2 ghost crabs
  2 spriggan skeletons (Crypt:3)
  23 dancing weapons
  5 two-headed ogres
  10 anacondas
  9 death yaks
  A satyr (Abyss:3)
  9 deep troll shamans
  3 titan zombies (Crypt:3)
  15 tengu warriors
  18 vampire magi
  13 hell hogs
  12 naga warriors
  14 deep troll earth magi
  20 thrashing horrors
  3 spectral nagas
  Urug (Lair:3)
  25 naga sharpshooters
  An orc high priest (Orc:2)
  7 shock serpents
  3 storm dragon zombies (Crypt:3)
  36 soul eaters
  12 spriggan berserkers
  19 hell knights
  Sonja (Lair:5)
  An emperor scorpion zombie (Crypt:2)
  19 deep elf knights
  30 sixfirhies
  2 titan skeletons (Abyss:3)
  A fire crab (shapeshifter) (Elf:3)
  137 sun demons
  Lodul (D:14)
  5 iron trolls
  9 wretched stars (Abyss:3)
  4 skysharks
  5 salamander mystics
  14 shadow wraiths
  2 fire crabs
  2 spatial maelstroms (Abyss:3)
  A spectral bunyip (Tar:2)
  9 naga ritualists
  44 deep trolls
  8 shadow demons
  4 spriggan druids
  A spectral iron dragon (Tar:3)
  2 quicksilver dragon simulacra (Depths:2)
  142 slime creatures
  2 golden dragon zombies
  2 spectral hydras
  A bunyip skeleton (Crypt:2)
  2 spectral anacondas
  33 skeletal warriors
  9 swamp dragons
  A shadow dragon zombie (Crypt:1)
  6 flayed ghosts
  6 goliath frogs
  A fenstrider witch simulacrum (Hell)
  6 deep elf archers
  13 glowing orange brains
  An iron giant skeleton (Crypt:3)
  16 bog bodies
  15 phantasmal warriors
  25 ironbound convokers
  15 wizards
  2 harpies
  14 necromancers
  23 deep elf pyromancers
  11 lindwurms
  2 broodmother zombies (Crypt:2)
  21 deep elf zephyrmancers
  2 iron dragon zombies
  96 starcursed masses
  A tengu skeleton (Depths:3)
  11 mana vipers
  8 orc knights
  A mana viper (shapeshifter) (D:13)
  5 orc sorcerers
  7 shining eyes
  2 cyclopes
  7 will-o-the-wisps
  3 manticores
  A wolf spider zombie (D:15)
  11 moths of wrath
  A spectral ettin (Tar:3)
  42 ugly things
  16 salamanders
  A frost giant skeleton (Depths:3)
  14 elephants
  A shining eye (shapeshifter) (Vaults:5)
  25 naga magi
  5 worldbinders
  45 black mambas
  3 eyes of devastation
  14 guardian serpents
  9 demonic crawlers (Pan)
  5 ice statues
  2 rust devils
  17 vault sentinels
  2 centaur zombies
  5 apocalypse crabs
  106 smoke demons
  Maurice (D:11)
  11 spectral spriggans
  16 cane toads
  2 molten gargoyles (Lair:5)
  47 orange demons
  A naga skeleton (Crypt:3)
  A rime drake (shapeshifter) (D:14)
  A kobold demonologist (Depths:4)
  An unseen horror (shapeshifter) (D:14)
  3 centaur skeletons (D:15)
  Psyche (D:9)
  7 hellions
  2 dire elephant skeletons
  3 minotaur zombies (Gauntlet)
  5 tengu conjurers
  39 yaktaurs
  A yaktaur (shapeshifter) (D:13)
  A sea snake zombie (Crypt:1)
  2 rime drakes
  12 freezing wraiths
  3 unseen horrors
  A bunyip simulacrum (Hell)
  An iron troll zombie (Crypt:1)
  19 tormentors
  An orb spider zombie (Crypt:1)
  23 efreet
  A komodo dragon (shapeshifter) (D:15)
  A grey draconian zombie (Crypt:1)
  11 komodo dragons
  An anaconda simulacrum (Hell)
  An alligator snapping turtle skeleton (Crypt:2)
  9 ancient zymes (Abyss:3)
  A spectral demonspawn (Tar:1)
  2 spectral harpies
  2 silent spectres (Abyss:3)
  A green draconian skeleton (Crypt:3)
  6 red devils
  8 ice devils
  3 harpy zombies
  8 tyrant leeches
  A bloated husk (Swamp:2)
  42 hellwings
  68 large abominations
  21 hornets
  7 trolls
  2 polar bears
  An ettin zombie (Crypt:3)
  A tarantella (shapeshifter) (D:14)
  A hydra skeleton (Crypt:1)
  53 saltlings (Desolation)
  Prince Ribbit (D:7)
  5 dream sheep (Lair:5)
  An iron dragon simulacrum (Hell)
  A harpy skeleton (Abyss:3)
  9 blink frogs
  13 raiju (Abyss:3)
  A culicivora (shapeshifter) (D:13)
  A guardian serpent skeleton (Crypt:1)
  2 shadows
  A centaur simulacrum (Hell)
  7 water elementals
  3 air elementals
  7 wyverns
  4 flying skulls (Crypt:1)
  44 ynoxinuls
  11 wraiths
  A slime creature zombie (Crypt:2)
  An ettin skeleton (Crypt:3)
  13 spriggans
  13 golden eyes
  A yak (shapeshifter) (Elf:2)
  25 vampires
  2 dire elephant simulacra
  6 basilisks
  45 yaks
  15 chaos spawn
  29 neqoxecs
  19 small abominations (Abyss:3)
  A spatial vortex (Abyss:3)
  A golden eye (shapeshifter) (Abyss:2)
  A steam dragon (D:9)
  A fire elemental (Elf:3)
  25 vampire mosquitoes
  2 harpy simulacra (Hell)
  A swamp worm (shapeshifter) (Vaults:5)
  A faun zombie (Crypt:1)
  A warg (Orc:1)
  21 hell hounds
  13 swamp worms
  46 nagas
  An acid dragon (Zot:1)
  Duvessa (D:5)
  13 water moccasins
  A fire bat skeleton (Crypt:3)
  2 swamp drakes
  2 floating eyes
  A human skeleton (Depths:3)
  6 black bears
  38 orc warriors
  4 sky beasts
  A snapping turtle zombie (Crypt:1)
  6 ettin simulacra (Depths:2)
  An ogre (shapeshifter) (D:15)
  A lindwurm zombie (Crypt:2)
  13 ogres
  A boggart (Gauntlet)
  21 wolves
  5 centaurs
  8 kobold brigands
  A gnoll sergeant (D:10)
  4 bullfrogs
  A naga simulacrum (Hell)
  4 necrophages
  A scorpion (D:5)
  An earth elemental (Abyss:3)
  9 wights
  3 jellies
  Dowan (D:5)
  A shapeshifter zombie (Crypt:2)
  15 killer bees
  A raiju skeleton (Crypt:3)
  2 howler monkeys
  2 electric eels
  7 crimson imps
  8 hounds
  A hound (shapeshifter) (Abyss:3)
  5 lava snakes (Lair:5)
  A quasit (Abyss:3)
  22 orc priests
  2 gnoll boudas
  2 iguanas
  6 iron imps
  27 orc wizards
  8 hell rats
  A boggart skeleton (Crypt:2)
  11 gnolls
  A howler monkey zombie (Crypt:3)
  10 adders
  2 river rats (Sewer)
  4 shadow imps
  4 white imps
  3 ufetubi (Abyss:3)
  5 worms
  3 dart slugs
  99 orcs
  12 endoplasms
  9 giant cockroaches
  12 goblins
  8 hobgoblins
  4 jackals
  39 kobolds
  3 quokkas
  6 ball pythons
  7 bats
  7 frilled lizards
  A goblin zombie (Crypt:3)
  9 rats
  A river rat skeleton (Crypt:3)
  16 fire vortices
  7 pillars of salt (Vaults:4)
  14 starspawn tentacles (Abyss:3)
3827 creatures vanquished.

Vanquished Creatures (collateral kills)
  Margery (Crypt:3)
  An acid blob (Slime:5)
  A demonspawn warmonger (Pan)
  A quicksilver ooze (Slime:5)
  A demonspawn black sun (Pan)
  An ice statue (Pan)
  2 slime creatures
  A white imp (Abyss:3)
9 creatures vanquished.

Vanquished Creatures (others)
  A pandemonium lord (Pan)
  An eldritch tentacle (Pan)
  A lorocyproca (Pan)
  A shadow wraith (Depths:2)
  A deep elf zephyrmancer (Elf:2)
  An ugly thing (Depths:1)
  A salamander (Snake:4)
  A smoke demon (Pan)
  An orange demon (Pan)
  5 bloated husks
  3 hellwings (Pan)
  A slime creature (Slime:5)
  A spriggan (Swamp:2)
  An orc wizard (Orc:2)
  5 ball lightnings (Pan)
  14 demonic plants (Gauntlet)
  216 fire vortices
  12 foxfires
  20 fungi
  2 lurking horrors (Abyss:3)
  A pillar of salt (Vaults:4)
  52 plants
  26 starspawn tentacles
  19 withered plants (Crypt:3)
387 creatures vanquished.

Grand Total: 4223 creatures vanquished

Notes
Turn   | Place    | Note
-------+----------+-------------------------------------------
     0 | D:1      | Fartwhistle the Octopode Transmuter began the quest for the
                  | Orb.
     0 | D:1      | Reached XP level 1. HP: 13/13 MP: 3/3
   146 | D:1      | Reached XP level 2. HP: 13/18 MP: 5/5
   168 | D:1      | Learned a level 2 spell: Wereblood
   207 | D:1      | Reached XP level 3. HP: 17/23 MP: 6/6
  1223 | D:2      | Reached XP level 4. HP: 26/29 MP: 7/7
  1332 | D:2      | Found a faded altar of an unknown god.
  1966 | D:3      | Found a glowing drain.
  1975 | Sewer    | Entered a sewer
  1980 | Sewer    | Learned a level 3 spell: Spider Form
  2225 | Sewer    | Noticed a kobold brigand
  2293 | Sewer    | Killed a kobold brigand
  2294 | Sewer    | Reached skill level 1 in Poison Magic
  2294 | Sewer    | Reached XP level 5. HP: 19/34 MP: 6/9
  2660 | Sewer    | Noticed a kobold brigand
  2660 | Sewer    | Noticed a kobold brigand
  2690 | Sewer    | Killed a kobold brigand
  2691 | Sewer    | Reached XP level 6. HP: 18/39 MP: 3/11
  2705 | Sewer    | Gained mutation: You are resistant to electric shocks.
                  | (rElec) [potion of mutation]
  2705 | Sewer    | Gained mutation: You occasionally lose the ability to drink
                  | potions when taking damage. [potion of mutation]
  2705 | Sewer    | Gained mutation: Your spells are a little harder to cast,
                  | but a little more powerful. [potion of mutation]
  2707 | Sewer    | HP: 2/58 [poisoned by a kobold brigand]
  2912 | Sewer    | Reached skill level 5 in Transmutations
  3042 | Sewer    | Reached XP level 7. HP: 24/44 MP: 12/12
  3738 | D:3      | Found a runed translucent door.
  3739 | D:3      | Noticed Crazy Yiuf
  3861 | D:3      | Learned a level 4 spell: Ice Form
  4120 | D:4      | Noticed Menkaure
  4772 | D:4      | Reached XP level 8. HP: 17/49 MP: 8/15
  5490 | D:5      | Entered Level 5 of the Dungeon
  5879 | D:5      | Found a sacrificial altar of Ru.
  5943 | D:5      | Got the Spellbook of Sandy Embers
  5967 | D:5      | Noticed Dowan
  5968 | D:5      | Noticed Duvessa
  5989 | D:5      | Killed Dowan
  5990 | D:5      | Reached skill level 5 in Spellcasting
  6089 | D:5      | Reached skill level 1 in Ice Magic
  6751 | D:5      | Killed Duvessa
  7066 | D:5      | Found a staircase to the Ecumenical Temple.
  7215 | D:5      | Found a hide-covered altar of Uskayaw.
  8004 | D:6      | Found a snail-covered altar of Cheibriados.
  8012 | D:6      | Became a worshipper of Cheibriados the Contemplative
  8200 | Temple   | Entered the Ecumenical Temple
  8362 | D:6      | Reached XP level 9. HP: 36/57 MP: 17/17
  8856 | D:6      | Reached skill level 1 in Invocations
  9193 | D:7      | Reached * piety under Cheibriados
  9194 | D:7      | Reached skill level 5 in Unarmed Combat
  9341 | D:7      | Found a hazy altar of Hepliaklqana.
  9499 | D:7      | Identified a scroll of acquirement
  9501 | D:7      | Acquired the amulet of Conflict {Acrobat rElec Str+2}
  9732 | D:7      | Reached skill level 1 in Shields
  9768 | D:7      | Noticed Prince Ribbit
  9777 | D:7      | Killed Prince Ribbit
  9995 | D:8      | Reached XP level 10. HP: 53/65 MP: 14/19
  9998 | D:8      | Reached ** piety under Cheibriados
 10177 | D:8      | Reached skill level 5 in Fighting
 10725 | D:8      | Acquired the ring of Spite {rF+ Str+6 Dex+4}
 10748 | D:9      | Noticed Psyche
 10792 | D:9      | Reached skill level 5 in Invocations
 10850 | D:9      | Killed Psyche
 11017 | D:9      | Noticed Erica
 11031 | D:9      | Killed Erica
 11204 | D:9      | Found a burning altar of Makhleb.
 11212 | D:9      | Found a shadowy altar of Dithmenos.
 11212 | D:9      | Found a glowing golden altar of the Shining One.
 11413 | D:9      | Reached *** piety under Cheibriados
 11520 | D:9      | Found a blossoming altar of Fedhas.
 11527 | D:9      | Found an iron altar of Okawaru.
 11529 | D:9      | Found a glowing silver altar of Zin.
 11628 | D:9      | Found an ornate altar of the Wu Jian Council.
 11805 | D:9      | Reached XP level 11. HP: 77/77 MP: 19/22
 11835 | D:10     | Entered Level 10 of the Dungeon
 12411 | D:10     | Found Jad Foiq's Distillery.
 12431 | D:10     | Bought a potion of curing for 51 gold pieces
 12431 | D:10     | Bought a potion of heal wounds for 85 gold pieces
 12431 | D:10     | Bought a potion of heal wounds for 85 gold pieces
 12433 | D:10     | Noticed Nergalle
 12449 | D:10     | Reached XP level 12. HP: 81/81 MP: 17/23
 12588 | D:10     | Reached **** piety under Cheibriados
 12663 | D:10     | Found a basalt altar of Yredelemnul.
 13074 | D:10     | Found a staircase to the Orcish Mines.
 13399 | D:11     | Noticed Maurice
 13418 | D:11     | Killed Maurice
 13443 | D:11     | Acquired the Papyrus of Relocated Erosion
 13454 | D:11     | Learned a level 6 spell: Statue Form
 13526 | D:11     | Reached skill level 1 in Earth Magic
 13596 | D:11     | Reached skill level 1 in Evocations
 13597 | D:11     | Found a staircase to the Lair.
 13684 | D:11     | Reached ***** piety under Cheibriados
 13755 | D:11     | Found an iron altar of Okawaru.
 13912 | D:11     | Noticed a boulder beetle
 13923 | D:11     | Killed a boulder beetle
 14128 | Lair:1   | Entered Level 1 of the Lair of Beasts
 14255 | Lair:1   | Noticed a boulder beetle
 14273 | Lair:1   | Killed a boulder beetle
 14529 | Lair:1   | Reached skill level 5 in Earth Magic
 14717 | Lair:1   | Reached XP level 13. HP: 90/90 MP: 19/24
 15257 | Lair:2   | Reached skill level 10 in Transmutations
 15849 | Lair:2   | Noticed Gastronok
 15865 | Lair:2   | Killed Gastronok
 15866 | Lair:2   | Reached skill level 5 in Evocations
 16195 | Lair:3   | Noticed Josephine
 16604 | Lair:3   | HP: 5/108 [four-headed hydra[a naga] (12)]
 16941 | Lair:3   | Killed Josephine
 17006 | Lair:3   | Found a staircase to the Snake Pit.
 17268 | Lair:3   | Found a staircase to the Swamp.
 17364 | Lair:3   | Noticed Urug
 17372 | Lair:3   | Killed Urug
 17963 | Lair:4   | Reached XP level 14. HP: 97/97 MP: 13/25
 18310 | Lair:4   | Found a staircase to the Slime Pits.
 18821 | Lair:5   | Entered Level 5 of the Lair of Beasts
 18860 | Lair:5   | Noticed Sonja
 18871 | Lair:5   | Killed Sonja
 19073 | Lair:5   | Reached skill level 10 in Earth Magic
 19105 | Lair:5   | Reached ****** piety under Cheibriados
 19252 | Lair:5   | Found a large runed translucent door.
 19254 | Lair:5   | Found a large runed translucent door.
 19769 | Lair:5   | Identified the +2 trident "Cirghe" {drain, SInv}
 20307 | D:12     | Reached XP level 15. HP: 101/101 MP: 20/26
 20607 | D:12     | Identified the +1 rapier of Defilement {protect, *Corrode
                  | rC++ rN++}
 22616 | D:13     | Found a gate to the Vaults.
 22892 | D:13     | Learned a level 6 spell: Iron Shot
 22983 | D:14     | Identified Roxanne's Grimoire of Earth
 22983 | D:14     | Noticed Roxanne
 22995 | D:14     | Noticed Lodul
 23037 | D:14     | Killed Lodul
 23072 | D:14     | Killed Roxanne
 23348 | D:14     | Noticed Snorg
 23357 | D:14     | Killed Snorg
 23565 | D:14     | Noticed an angel
 23566 | D:14     | Found a glowing silver altar of Zin.
 23573 | D:15     | Entered Level 15 of the Dungeon
 23817 | D:15     | Reached skill level 10 in Unarmed Combat
 23887 | D:15     | Reached XP level 16. HP: 108/108 MP: 20/27
 24026 | D:15     | Found a staircase to the Depths.
 24370 | Orc:1    | Entered Level 1 of the Orcish Mines
 24952 | Orc:2    | Entered Level 2 of the Orcish Mines
 24995 | Orc:2    | Found a gate leading to a gauntlet.
 25004 | Gauntlet | Entered a Gauntlet
 25004 | Gauntlet | Found a transporter.
 25004 | Gauntlet | Found a transporter.
 25004 | Gauntlet | Found a transporter.
 25014 | Gauntlet | Found a transporter.
 25017 | Gauntlet | Found a transporter.
 25026 | Gauntlet | Found a transporter.
 25028 | Gauntlet | Found a transporter.
 25039 | Gauntlet | Found a transporter.
 25054 | Gauntlet | Found a transporter.
 25059 | Gauntlet | Found a transporter.
 25062 | Gauntlet | Found a transporter.
 25072 | Gauntlet | Found a transporter.
 25389 | Gauntlet | Identified the +3 morningstar of the Eternal Void {protect,
                  | rN+ Str+3 Int+5}
 25396 | Gauntlet | Reached skill level 10 in Fighting
 25403 | Gauntlet | Identified the +3 ring mail "Haiwan" {rPois}
 25842 | Orc:2    | Reached skill level 5 in Dodging
 25914 | Orc:2    | Found Huguang's Antique Armour Boutique.
 26000 | Orc:2    | Found Yjauwiej's Book Boutique.
 26037 | Orc:2    | Found Locvuown's General Store.
 26066 | Orc:2    | Found a staircase to the Elven Halls.
 26194 | Orc:2    | Found Woijem's Antique Weapon Boutique.
 26613 | Swamp:1  | Entered Level 1 of the Swamp
 27536 | Swamp:2  | Noticed a fenstrider witch
 27542 | Swamp:2  | Killed a fenstrider witch
 27860 | Swamp:2  | Reached XP level 17. HP: 117/117 MP: 24/28
 28061 | Swamp:2  | Noticed Louise
 28072 | Abyss:2  | Found a corrupted altar of Lugonu.
 28072 | Abyss:2  | Cast into level 2 of the Abyss (Louise)
 28206 | Abyss:2  | Paralysed by accursed screaming for 1 turns
 28325 | Abyss:2  | Noticed a tentacled starspawn
 28325 | Abyss:2  | Noticed a tentacled monstrosity
 28330 | Abyss:2  | Killed a tentacled starspawn
 28338 | Abyss:2  | Killed a tentacled monstrosity
 28346 | Abyss:2  | Noticed an ancient lich
 28353 | Abyss:2  | Killed an ancient lich
 28363 | Swamp:2  | Escaped the Abyss
 28371 | Swamp:2  | Killed Louise
 30331 | Swamp:4  | Entered Level 4 of the Swamp
 30479 | Swamp:4  | Reached XP level 18. HP: 57/131 MP: 17/29
 31391 | Swamp:4  | Noticed a tentacled monstrosity
 31398 | Swamp:4  | Killed a tentacled monstrosity
 31513 | Swamp:4  | Reached skill level 15 in Fighting
 31560 | Swamp:4  | Got a decaying rune of Zot
 31697 | Snake:1  | Entered Level 1 of the Snake Pit
 31734 | Snake:1  | Found Xyucs's Magic Scroll Boutique.
 31970 | Snake:1  | Reached skill level 10 in Dodging
 32105 | Snake:1  | Identified the +10 shortbow of Annoyance {flame, rElec
                  | Str+2}
 32917 | Snake:2  | Noticed Vashnia
 32983 | Snake:2  | Killed Vashnia
 33163 | Snake:2  | Reached XP level 19. HP: 141/141 MP: 25/30
 33888 | Snake:2  | Identified the +1 leather armour "Ofuggid" {rC+++ Regen+
                  | Int-2 Stlth+}
 35640 | Snake:3  | Acquired the +0 buckler of the Lion {rF+ rC+ SInv Stlth+}
 35695 | Snake:4  | Entered Level 4 of the Snake Pit
 35830 | Snake:4  | Noticed Agnes
 35832 | Snake:4  | Identified the +1 robe of the Bulwark {rC+ Int+8 Stlth-}
 35833 | Snake:4  | Killed Agnes
 35868 | Snake:4  | Found a radiant altar of Vehumet.
 36273 | Snake:4  | Found a runed translucent gate.
 36273 | Snake:4  | Found a runed translucent gate.
 36273 | Snake:4  | Found a runed translucent gate.
 36277 | Snake:4  | Noticed ioannis32's ghost (adept DsBe)
 36373 | Snake:4  | Got a serpentine rune of Zot
 37128 | Elf:1    | Entered Level 1 of the Elven Halls
 37164 | Elf:1    | Reached skill level 15 in Unarmed Combat
 37759 | Elf:1    | Reached XP level 20. HP: 153/153 MP: 26/31
 37886 | Elf:1    | Found Diff's Distillery.
 37894 | Elf:1    | Bought a potion of curing for 42 gold pieces
 37894 | Elf:1    | Bought a potion of curing for 42 gold pieces
 37894 | Elf:1    | Bought a potion of curing for 42 gold pieces
 38500 | Elf:2    | Found a huge runed translucent gate.
 38500 | Elf:2    | Found a huge runed translucent gate.
 38506 | Elf:2    | Found a huge runed translucent gate.
 38506 | Elf:2    | Found a huge runed translucent gate.
 38506 | Elf:2    | Found a huge runed translucent gate.
 38991 | Elf:2    | Found Zolot's Armour Boutique.
 39640 | Elf:3    | Entered Level 3 of the Elven Halls
 39648 | Elf:3    | Found Wuliad's Book Boutique.
 39653 | Elf:3    | Bought a manual of Fighting for 1360 gold pieces
 39935 | Elf:3    | Identified the +0 pair of gloves of the Hurricane {*Corrode
                  | rF++ Str+2 Int+2}
 39935 | Elf:3    | Noticed Nikola
 39938 | Elf:3    | Killed Nikola
 39941 | Elf:3    | Found a portal to a secret trove of treasure.
 41165 | Elf:3    | Noticed a Tzitzimitl
 41225 | Elf:3    | Reached XP level 21. HP: 165/165 MP: 32/32
 41283 | Elf:3    | Found the ring of the Octopus King
 41300 | Elf:3    | Identified the staff of air "Pabadd" {Fragile rElec rPois
                  | rN++ MP+9}
 41315 | Elf:3    | Identified the +2 pair of gloves of Haokhol {*Slow rElec
                  | Str-4 Int+9}
 41322 | Elf:3    | Identified the staff of conjuration "Nuulaymn" {Stlth+}
 41324 | Elf:3    | Identified a ring of the Octopus King {Fly HP+2 AC+2 EV+2
                  | SH+2}
 41347 | Elf:3    | Identified the staff of earth "Tioph" {rF++ Will- Dex+6}
 41395 | Elf:3    | Got Roxanne's Omnibus of the Plateau and Changes
 41781 | Vaults:1 | Entered Level 1 of the Vaults
 43079 | Vaults:1 | Learned a level 9 spell: Fire Storm
 43185 | Vaults:2 | Reached skill level 1 in Conjurations
 43185 | Vaults:2 | Reached skill level 1 in Fire Magic
 43250 | Vaults:2 | Found a flickering gateway to a bazaar.
 43256 | Bazaar   | Entered a bazaar
 43260 | Bazaar   | Found Ozen's Book Boutique.
 43282 | Bazaar   | Found Xysch's Antique Armour Emporium.
 43303 | Bazaar   | Found Doimofad's Distillery.
 43308 | Bazaar   | Bought 2 potions of brilliance for 64 gold pieces
 43323 | Bazaar   | Found Boriq's Antique Armour Shoppe.
 43984 | Vaults:2 | Noticed Jory
 43993 | Vaults:2 | Killed Jory
 44112 | Vaults:2 | Identified the amulet of Equivalence {Faith Int+5}
 44909 | Vaults:3 | Reached skill level 5 in Conjurations
 44909 | Vaults:3 | Reached skill level 5 in Fire Magic
 45191 | Vaults:3 | Found a staircase to the Crypt.
 45191 | Vaults:3 | Found an ancient bone altar of Kikubaaqudgha.
 45194 | Vaults:3 | Reached XP level 22. HP: 176/176 MP: 33/33
 45256 | Vaults:3 | Found a basalt altar of Yredelemnul.
 45660 | Vaults:3 | Got Agrotid's Octavo of Dusty Assaults
 46070 | Vaults:4 | Found a crumbling gateway.
 46080 | Desolati | Entered the Desolation of Salt
 46133 | Desolati | Got Sif Muna's Handbook of Nival Putrescence
 46135 | Desolati | Identified the +9 morningstar of the Assorted Orbs {drain,
                  | Dex+3}
 46141 | Desolati | Identified the +5 executioner's axe "Sewosik" {venom, rPois
                  | rC- rN+++ Str-2}
 46350 | Desolati | Identified the +1 leather armour "Uxiud" {rCorr Int+4}
 46360 | Desolati | Identified the ring of the Dozen Dances {rF+ Str+5 Int+2}
 46363 | Desolati | Identified the ring of Berhuuxa {Contam rPois MP+9 Str+4
                  | Slay+4}
 46512 | Desolati | Identified the +0 pair of boots of Undesirable Species
                  | {Rampage rElec Int-2 Slay+5}
 46517 | Desolati | Identified the +7 glaive "Catid" {flame, Dex+2}
 46518 | Desolati | Identified the +0 ice dragon scales of Laloobej {rElec rF-
                  | rC++}
 46677 | Desolati | Reached skill level 10 in Conjurations
 46702 | Desolati | Reached skill level 10 in Fire Magic
 46940 | Vaults:4 | Identified the +6 broad axe of Giotiuk {flame, rCorr}
 47054 | Vaults:4 | Identified the +2 scale mail of Makhleb {rPois Will+ Dex-4}
 47797 | Vaults:5 | Entered Level 5 of the Vaults
 47808 | Vaults:5 | Reached XP level 23. HP: 182/182 MP: 34/34
 47817 | Vaults:5 | Noticed a dread lich
 47819 | Vaults:5 | Killed a dread lich
 48158 | Vaults:5 | Identified the +4 great mace of Veetad {drain, rC++ Str-2
                  | Dex+5}
 48163 | Vaults:5 | Got the Grimoire of the Assistive Icicle
 48200 | Vaults:5 | Got a silver rune of Zot
 48294 | Vaults:5 | Got the Incunable of the Ground
 48558 | Vaults:5 | Identified the ring "Gielay" {Wiz +Blink}
 48566 | Vaults:5 | Got Wuwip's Primer on Sorcery
 48627 | Vaults:5 | Identified the +1 acid dragon scales "Arphaiki" {rCorr
                  | Dex+3}
 48630 | Vaults:5 | Identified the staff of cold "Mekegra" {rC+ Str+3}
 48635 | Vaults:5 | Identified the +9 war axe of Icvig {protect, Stlth+}
 48668 | Vaults:5 | Got the Compilation of Destruction
 49092 | Vaults:5 | Noticed a golden dragon
 49096 | Vaults:5 | Killed a golden dragon
 49097 | Vaults:5 | Reached XP level 24. HP: 145/189 MP: 34/34
 49280 | Vaults:5 | Identified the staff of death "Oxtizic" {rN+ Int+3 SInv}
 49292 | Vaults:5 | Found Uxurr's Magic Scroll Emporium.
 49301 | Vaults:5 | Bought a scroll of amnesia for 76 gold pieces
 49301 | Vaults:5 | Bought a scroll of blinking for 142 gold pieces
 50038 | Depths:1 | Entered Level 1 of the Depths
 50149 | Depths:1 | Identified the staff of conjuration "Toasuih" {rElec Will+
                  | rCorr Dex+3}
 50273 | Depths:1 | Identified the +6 mace "Cusauh" {heavy, rF+}
 50486 | Depths:1 | Found a corrupted altar of Lugonu.
 50486 | Depths:1 | Found a one-way gate to the infinite horrors of the Abyss.
 50667 | Depths:1 | Found a corrupted altar of Lugonu.
 50750 | Depths:1 | Reached skill level 15 in Conjurations
 50750 | Depths:1 | Reached skill level 15 in Fire Magic
 50874 | Depths:1 | Found the +8 demon trident "Rift" {distort, reach+}
 51086 | Depths:1 | Found a gateway to Hell.
 51249 | Depths:2 | Found a hazy altar of Hepliaklqana.
 51252 | Depths:2 | Found a one-way gate leading to the halls of Pandemonium.
 51308 | Depths:2 | Found a basalt altar of Yredelemnul.
 51388 | Depths:2 | Identified the +7 chain mail of Awe {Harm Fly}
 51510 | Depths:2 | Found a snail-covered altar of Cheibriados.
 51838 | Depths:2 | Reached XP level 25. HP: 195/195 MP: 34/34
 52135 | Depths:2 | Found an opulent altar of Gozag.
 52754 | Depths:3 | Found a one-way gateway to a ziggurat.
 53014 | Depths:3 | Found a sacrificial altar of Ru.
 54170 | Depths:4 | Entered Level 4 of the Depths
 54450 | Depths:4 | Found a gate to the Realm of Zot.
 54788 | Depths:4 | Found Nuti Vusu's Magic Scroll Shoppe.
 54795 | Depths:4 | Bought a scroll of blinking for 135 gold pieces
 54795 | Depths:4 | Bought a scroll of blinking for 135 gold pieces
 55023 | Depths:4 | Found an opulent altar of Gozag.
 55971 | Depths:4 | Reached XP level 26. HP: 179/202 MP: 29/34
 56346 | Slime:1  | Entered Level 1 of the Pits of Slime
 56615 | Slime:5  | Entered Level 5 of the Pits of Slime
 57149 | Slime:5  | Noticed the Royal Jelly
 57160 | Slime:5  | Killed the Royal Jelly
 57527 | Slime:5  | Identified the staff of air "Ustrunn" {rElec rN+}
 57537 | Slime:5  | Got a slimy rune of Zot
 57544 | Slime:5  | Identified the +4 scale mail of Inquiry {rF+}
 57594 | Slime:5  | Identified the +0 chain mail "Yzom Cef" {rPois rF+ rC+++}
 57627 | Slime:5  | Acquired a +0 hat of see invisible
 57659 | Slime:5  | Identified the ring "Qamumo" {Fly rElec Will- AC+4}
 57661 | Slime:5  | Identified the +3 rapier of Inference {flame, Str+4}
 57670 | Slime:5  | Identified the +0 helmet of Greed {rF- rN++}
 58085 | Lair:4   | Learned a level 8 spell: Necromutation
 58402 | Crypt:1  | Entered Level 1 of the Crypt
 60429 | Crypt:2  | Identified the +4 dagger of the Imperium {freeze, rF+ Str+2
                  | Int+2 Stlth-}
 60437 | Crypt:2  | Noticed an ancient lich
 60441 | Crypt:2  | Killed an ancient lich
 60469 | Crypt:2  | Identified the +4 glaive "Gawk" {freeze, *Corrode Str+2
                  | Stlth+}
 60799 | Crypt:3  | Entered Level 3 of the Crypt
 61078 | Crypt:3  | Noticed a royal mummy
 61079 | Crypt:3  | Noticed a royal mummy
 61082 | Crypt:3  | Noticed Khufu
 61082 | Crypt:3  | Noticed a royal mummy
 61619 | Crypt:3  | Reached XP level 27. HP: 208/208 MP: 36/36
 61624 | Crypt:3  | Reached skill level 10 in Spellcasting
 61708 | Crypt:3  | Found a staircase to the Tomb.
 61719 | Crypt:3  | Noticed Margery
 61724 | Crypt:3  | Killed Margery
 61849 | Crypt:3  | Noticed Xtahua
 61866 | Crypt:3  | Killed Xtahua
 61871 | Crypt:3  | Killed Khufu
 62083 | Crypt:3  | Killed a royal mummy
 62436 | Crypt:3  | Killed a royal mummy
 62565 | Crypt:3  | Identified the +9 spear "Embalmer" {flame, rPois Str+6
                  | Dex-3 Stlth+}
 62704 | Crypt:3  | Identified the +1 hand axe "Eczu" {heavy, *Noise rElec SInv
                  | Stlth+}
 62748 | Crypt:3  | Killed a royal mummy
 62770 | Crypt:3  | Identified the ring "Iseepix" {Will+ Dex+3 Stlth+}
 63270 | Crypt:3  | Learned a level 8 spell: Lehudib's Crystal Spear
 63636 | Depths:1 | Voluntarily entered the Abyss.
 63698 | Abyss:3  | Found a corrupted altar of Lugonu.
 63891 | Abyss:3  | Found a corrupted altar of Lugonu.
 64234 | Abyss:3  | Paralysed by accursed screaming for 1 turns
 64273 | Depths:1 | Escaped the Abyss
 64566 | Depths:1 | Voluntarily entered the Abyss.
 64584 | Abyss:3  | Found a corrupted altar of Lugonu.
 64598 | Abyss:3  | Found a corrupted altar of Lugonu.
 64770 | Abyss:3  | Paralysed by accursed screaming for 1 turns
 65176 | Abyss:3  | Found a corrupted altar of Lugonu.
 65278 | Abyss:3  | Found a corrupted altar of Lugonu.
 65308 | Abyss:3  | Found a corrupted altar of Lugonu.
 65308 | Abyss:3  | Found a corrupted altar of Lugonu.
 65310 | Abyss:3  | Found a corrupted altar of Lugonu.
 65481 | Abyss:3  | Noticed a dread lich
 65487 | Abyss:3  | Killed a dread lich
 65515 | Abyss:3  | Found a corrupted altar of Lugonu.
 65740 | Abyss:3  | Reached skill level 15 in Dodging
 65769 | Abyss:3  | Got an abyssal rune of Zot
 65860 | Depths:1 | Escaped the Abyss
 65935 | Zot:1    | Entered Level 1 of the Realm of Zot
 66349 | Zot:1    | You are sucked into a shaft and drop 1 floor!
 66729 | Zot:1    | Identified the ring of Daisies {+Blink rPois rN+ Str+3}
 66744 | Zot:1    | Identified the +4 bardiche of Disembowelment {heavy, Int+5}
 66864 | Zot:1    | Identified the +0 sling of Accord {drain, rElec}
 66875 | Zot:1    | Identified the staff of poison "Fanerama" {rPois Str+5
                  | Int-2 Dex+3}
 67152 | Hell     | Entered the Vestibule of Hell
 67152 | Hell     | Noticed Geryon
 67310 | Hell     | Killed Geryon
 67499 | Hell     | Found a gateway to the freezing wastes of Cocytus.
 67652 | Hell     | Found a gateway to the decaying netherworld of Tartarus.
 67719 | Hell     | Found a gateway to the ashen valley of Gehenna.
 67803 | Hell     | Found a gateway to the Iron City of Dis.
 68042 | Pan      | Entered Pandemonium
 68075 | Pan      | Found a transporter.
 68173 | Pan      | Found a transporter.
 68265 | Pan      | Noticed Ignacio
 68269 | Pan      | Killed Ignacio
 68357 | Pan      | Identified the ring "Imule" {Fly rPois Dex+4}
 68376 | Pan      | Identified the ring "Igoufotz" {Fly rF+ rN+}
 68438 | Pan      | Found an exit through the horrors of the Abyss.
 68458 | Pan      | Reached skill level 15 in Spellcasting
 68793 | Pan      | Reached skill level 15 in Transmutations
 68884 | Pan      | Noticed Pamawenne the pandemonium lord
 68891 | Pan      | Killed Pamawenne the pandemonium lord
 68999 | Pan      | Gained mutation: You occasionally shout uncontrollably at
                  | your foes. [a cacodemon]
 69006 | Pan      | Gained mutation: You occasionally lose the ability to read
                  | scrolls when taking damage. [a neqoxec]
 69030 | Pan      | Noticed Gaoroh the pandemonium lord
 69035 | Pan      | Killed Gaoroh the pandemonium lord
 70073 | Pan      | Found an exit through the horrors of the Abyss.
 70232 | Pan      | Noticed Atup the pandemonium lord
 70242 | Pan      | Killed Atup the pandemonium lord
 70255 | Pan      | Got a demonic rune of Zot
 70364 | Pan      | Found an exit through the horrors of the Abyss.
 70524 | Pan      | Lost mutation: Your spells are a little harder to cast, but
                  | a little more powerful. [a cacodemon]
 70747 | Pan      | Noticed Oqeosaub the pandemonium lord
 70752 | Pan      | Killed Oqeosaub the pandemonium lord
 70987 | Pan      | Entered the realm of Lom Lobon.
 71812 | Pan      | Found an exit through the horrors of the Abyss.
 72196 | Pan      | Noticed Lom Lobon
 72525 | Pan      | Killed Lom Lobon
 72543 | Pan      | Got a magical rune of Zot
 72738 | Pan      | Lost mutation: You occasionally lose the ability to read
                  | scrolls when taking damage. [a cacodemon]
 72841 | Pan      | Noticed Mennas
 72847 | Pan      | Killed Mennas
 73198 | Pan      | Noticed Niecwiuh the pandemonium lord
 73204 | Pan      | Killed Niecwiuh the pandemonium lord
 73481 | Pan      | Found an exit through the horrors of the Abyss.
 73594 | Pan      | Reached skill level 1 in Necromancy
 73851 | Pan      | Reached skill level 5 in Necromancy
 74071 | Pan      | Entered the realm of Mnoleg.
 74144 | Pan      | Noticed Mnoleg
 74162 | Pan      | Killed Mnoleg
 74179 | Pan      | Gained mutation: Your body sometimes deteriorates upon
                  | taking damage. [a shining eye]
 74186 | Pan      | Gained mutation: You sometimes lose your temper in combat.
                  | [a neqoxec]
 74187 | Pan      | Gained mutation: You have an uncontrollable temper. [a
                  | neqoxec]
 74188 | Pan      | Gained mutation: You are robust. (+10% HP) [a neqoxec]
 74343 | Pan      | Reached skill level 10 in Necromancy
 74408 | Pan      | Lost mutation: You are robust. (+10% HP) [a cacodemon]
 74433 | Pan      | Identified the +4 dagger "Mymowog" {vamp, Str+4 SInv}
 74533 | Pan      | Got a glowing rune of Zot
 74552 | Pan      | Gained mutation: Your magical capacity is low. (-10% MP) [a
                  | shining eye]
 74696 | Pan      | Entered the realm of Cerebov.
 74706 | Pan      | Found the +6 sword of Cerebov {flame}
 74706 | Pan      | Noticed Cerebov
 74856 | Pan      | Found an exit through the horrors of the Abyss.
 74943 | Pan      | Identified the +4 war axe "Buemunka" {vamp, Fly Str+2}
 75171 | Pan      | Identified the +2 robe of Falaorro {Int+5}
 75196 | Pan      | Identified the +2 quarterstaff of Valiance {flame, MP+9}
 75256 | Pan      | Identified the +5 falchion of Sharkskin {antimagic, rF+}
 76327 | Pan      | Reached skill level 15 in Necromancy
 76712 | Pan      | Killed Cerebov
 76886 | Pan      | Got a fiery rune of Zot
 76988 | Pan      | Took an exit into the Abyss.
 76988 | Abyss:3  | Escaped into the Abyss
 77044 | Depths:2 | Escaped the Abyss
 77375 | Crypt:1  | Lost mutation: You are resistant to electric shocks.
                  | (rElec) [potion of mutation]
 77375 | Crypt:1  | Lost mutation: Your body sometimes deteriorates upon taking
                  | damage. [potion of mutation]
 77375 | Crypt:1  | Gained mutation: Your body sometimes deteriorates upon
                  | taking damage. [potion of mutation]
 77375 | Crypt:1  | Lost mutation: Your body sometimes deteriorates upon taking
                  | damage. [potion of mutation]
 77375 | Crypt:1  | Gained mutation: Your mind is acute. (Int +4, Str/Dex -1)
                  | [potion of mutation]
 77376 | Crypt:1  | Lost mutation: You have an uncontrollable temper. [potion
                  | of mutation]
 77376 | Crypt:1  | Lost mutation: You occasionally shout uncontrollably at
                  | your foes. [potion of mutation]
 77376 | Crypt:1  | Lost mutation: You occasionally lose the ability to drink
                  | potions when taking damage. [potion of mutation]
 77376 | Crypt:1  | Gained mutation: You are partially covered in large bone
                  | plates. (SH +4) [potion of mutation]
 77376 | Crypt:1  | Gained mutation: You are covered in fur. (AC +1) [potion of
                  | mutation]
 77377 | Crypt:1  | Lost mutation: You are covered in fur. (AC +1) [potion of
                  | mutation]
 77377 | Crypt:1  | Lost mutation: Your mind is acute. (Int +4, Str/Dex -1)
                  | [potion of mutation]
 77377 | Crypt:1  | Lost mutation: Your magical capacity is low. (-10% MP)
                  | [potion of mutation]
 77377 | Crypt:1  | Gained mutation: Your flesh is heat resistant. (rF+)
                  | [potion of mutation]
 77377 | Crypt:1  | Gained mutation: Your mind is acute. (Int +4, Str/Dex -1)
                  | [potion of mutation]
 77377 | Crypt:1  | Gained mutation: You are agile. (Dex +4, Str/Int -1)
                  | [potion of mutation]
 77377 | Crypt:1  | Gained mutation: You are covered in fur. (AC +1) [potion of
                  | mutation]
 77378 | Crypt:1  | Lost mutation: You are covered in fur. (AC +1) [potion of
                  | mutation]
 77378 | Crypt:1  | Lost mutation: Your mind is acute. (Int +4, Str/Dex -1)
                  | [potion of mutation]
 77378 | Crypt:1  | Lost mutation: You are agile. (Dex +4, Str/Int -1) [potion
                  | of mutation]
 77378 | Crypt:1  | Gained mutation: You have a pair of small antennae on your
                  | head. [potion of mutation]
 77378 | Crypt:1  | Gained mutation: You passively map a small area around you.
                  | [potion of mutation]
 77379 | Crypt:1  | Lost mutation: Your flesh is heat resistant. (rF+) [potion
                  | of mutation]
 77379 | Crypt:1  | Lost mutation: You have a pair of small antennae on your
                  | head. [potion of mutation]
 77379 | Crypt:1  | Lost mutation: You are partially covered in large bone
                  | plates. (SH +4) [potion of mutation]
 77379 | Crypt:1  | Gained mutation: Your muscles are strong. (Str +4, Int/Dex
                  | -1) [potion of mutation]
 77379 | Crypt:1  | Gained mutation: You expend magic power (3 MP) to
                  | strengthen your wands. [potion of mutation]
 77380 | Crypt:1  | Lost mutation: You passively map a small area around you.
                  | [potion of mutation]
 77380 | Crypt:1  | Lost mutation: Your muscles are strong. (Str +4, Int/Dex
                  | -1) [potion of mutation]
 77380 | Crypt:1  | Gained mutation: You occasionally lose the ability to drink
                  | potions when taking damage. [potion of mutation]
 77380 | Crypt:1  | Gained mutation: Potions are less effective at restoring
                  | your health. [potion of mutation]
 77380 | Crypt:1  | Gained mutation: You have an increased reservoir of magic.
                  | (+10% MP) [potion of mutation]
 77822 | Elf:1    | Bought a potion of mutation for 112 gold pieces
 77823 | Elf:1    | Lost mutation: You sometimes lose your temper in combat.
                  | [potion of mutation]
 77823 | Elf:1    | Lost mutation: You have an increased reservoir of magic.
                  | (+10% MP) [potion of mutation]
 77823 | Elf:1    | Lost mutation: Potions are less effective at restoring your
                  | health. [potion of mutation]
 77823 | Elf:1    | Gained mutation: One of your tentacles bears a spike.
                  | [potion of mutation]
 77823 | Elf:1    | Gained mutation: You are partially covered in iridescent
                  | scales. (AC +2) [potion of mutation]
 77823 | Elf:1    | Gained mutation: Your mind is acute. (Int +4, Str/Dex -1)
                  | [potion of mutation]
 77823 | Elf:1    | Gained mutation: You possess an exceptional clarity of
                  | mind. [potion of mutation]
 78235 | Tar:1    | Entered Level 1 of Tartarus
 80070 | Tar:7    | Entered Level 7 of Tartarus
 80161 | Tar:7    | Noticed an ancient lich
 80169 | Tar:7    | Killed an ancient lich
 80442 | Tar:7    | Noticed an ancient lich
 80447 | Tar:7    | Noticed Ereshkigal
 80450 | Tar:7    | Killed an ancient lich
 80453 | Tar:7    | Paralysed by Ereshkigal for 2 turns
 80461 | Tar:7    | Paralysed by Ereshkigal for 5 turns
 80465 | Tar:7    | HP: 7/215 [doom hound (6)]
 80465 | Tar:7    | Killed from afar by a Tzitzimitl

Illustrated notes

Levels and vault maps discovered:
D:1:      heliophobic_arrival_dark_side_of_the_moon, layout_rooms, minivault_27
D:2:      layout_basic, shapermc_ecumenical_altar_flowoftime
D:3:      layout_basic, gup_sewer_entry_bubbles, minmay_goblin_outpost,
          uniq_crazy_yiuf_cottage
D:4:      kennysheep_kobold_camp, layout_basic, chequers_decorated_corner,
          grunt_ministairs_2, minmay_cupped, uniq_menkaure
D:5:      layout_loops_corners, mainiacjoe_overflow_brackets,
          nicolae_uskayaw_suspiria, minmay_temple_entry_from_below_a,
          uniq_duvessa
D:6:      layout_loops_ring, lemuel_round_altar
D:7:      layout_basic, nicolae_hepliaklqana_hippocampus, uniq_prince_ribbit1
D:8:      layout_rooms, hex_medium, minmay_diced_spiral
D:9:      layout_basic, minitemple, grunt_temple_overflow_open,
          nicolae_wu_jian_immortal_techniques, interstate_on_off, uniq_psyche,
          uniq_erica
D:10:     layout_long_grid, yredelemnul_altar_generic, david_orc_4,
          serial_shops, nicolae_shop_crystal, minmay_misc_feat_ornament,
          minmay_circle_x, uniq_nergalle
D:11:     layout_basic, minmay_lair_entry_grove, okawaru_gym_becter,
          uniq_maurice
D:12:     layout_roguey [special_room_orc], nicolae_elevator_lobby_plus
D:13:     minmay_dotted_concentric_squares, layout_loops_ring, david_vaults_4,
          grunt_ministairs_11
D:14:     layout_cross, chequers_jeans, kennysheep_big_empty_room, zin_angel,
          uniq_lodul, uniq_snorg, uniq_roxanne
D:15:     grunt_enter_depths_magical_seal, layout_cave_pools, moated_statue
Temple:   dpeg_chambers_temple
Lair:1:   layout_cave_pods, grunt_megastairs_5
Lair:2:   layout_gridlike, chequers_serial_rivers_micro_c,
          grunt_forest_large_clearing_hut, uniq_gastronok
Lair:3:   layout_small_grid, minmay_swamp_entry_swarm,
          minmay_snake_entry_guardpost_medium, infiniplex_staircase_pool_2,
          uniq_josephine, uniq_urug
Lair:4:   layout_cave_pods, nicolae_slime_entry_slimehenge
Lair:5:   cheibrodos_lair_end_hotspot, layout_long_grid, uniq_sonja
Swamp:1:  layout_falls_marsh, serial_swamp_ruin, evilmike_swamp_ruin_house_2,
          evilmike_swamp_ruin_house_5
Swamp:2:  layout_basic_swamp, evilmike_swamp_ruin_house_3,
          nicolae_swamp_baby_hydras, uniq_louise
Swamp:3:  nicolae_swamp_flooded_prison, layout_basic_swamp,
          evilmike_swamp_ruin_house_1, swamp_pool3, nicolae_swamp_little_tower
Swamp:4:  swamp_vile, layout_basic_swamp
Snake:1:  layout_basic, hangedman_snake_pattern, minmay_shop_star
Snake:2:  layout_misc_corridors, grunt_ministairs_15, grunt_megastairs_1,
          uniq_vashnia
Snake:3:  layout_layer_cave
Snake:4:  hellmonk_snake_rune_quicksilver_temple, layout_cave_shapes,
          gammafunk_ghost_split, basic_altar, uniq_agnes
Slime:1:  layout_caves
Slime:2:  layout_caves
Slime:3:  layout_caves
Slime:4:  layout_caves
Slime:5
Orc:1:    layout_caves, mines1_david
Orc:2:    grunt_orc_cross, layout_diamond_mine, gauntlet_entry_generic
Elf:1:    layout_onion_city, serial_shops, nicolae_square_shop, st_stairs_3
Elf:2:    elven_hall_of_blades_hangedman_alternative
          [nicolae_blade_entry_area_security], layout_gridlike, serial_shops,
          shop, nicolae_elf_blasts_and_bolts
Elf:3:    minmay_elf_hall_statues, layout_onion_city, serial_shops,
          nicolae_shop_hallway_plus, nicolae_trove_entry_crossroad, uniq_nikola
Vaults:1: nicolae_vaults_alarming, nicolae_vaults_tetromino_Z_2,
          nicolae_vaults_hexular_roomagon, hangedman_vaults_stagger, v_misc_29,
          nicolae_vaults_turnstiles, nicolae_vaults_c_with_doors,
          nicolae_vaults_closet_pinwheel_4, nicolae_vaults_hexular_roomagon,
          layout_vaults_omnicross
Vaults:2: v_alt_pattern_1, vaults_mumra_minichess_inversion,
          nicolae_vaults_twisting_passages, nicolae_vaults_closet_pinwheel_1,
          ontoclasm_vaults_shuriken, layout_vaults_omnigrid, serial_shops,
          bzr_entry_safe, uniq_jory
Vaults:3: nicolae_vaults_security_offices_4, vaults_dpeg_cross,
          hangedman_vaults_stitches, hangedman_vaults_impose,
          nicolae_vaults_heist, nicolae_vaults_inception_scallops,
          nicolae_vaults_sesquioval_fish, ontoclasm_vaults_claustrophobia,
          nicolae_vaults_little_squares_5, nicolae_vaults_six-pack,
          nicolae_vaults_puzzle_piece, nicolae_vaults_little_squares_3,
          nicolae_vaults_closet_pinwheel_2, minmay_crypt_entry_necro_gods,
          nicolae_vaults_trapezoid_lopsided_1, layout_vaults_omnibox
Vaults:4: portal_desolation_entry_garden, nicolae_vaults_diagonal_hallway_8,
          v_misc_24, nicolae_vaults_shelves_hall, v_misc_13,
          ontoclasm_vaults_ligature, nicolae_vaults_network_star, v_misc_4,
          v_misc_23, nicolae_vaults_three_branches,
          nicolae_vaults_little_squares_2, v_misc_24, nicolae_vaults_octothorpe,
          nicolae_vaults_border_crossing, layout_vaults_maze_snakey
Vaults:5
Crypt:1:  layout_misc_corridors, serial_co_window_serial, co_window_paths_a,
          co_window_of_opportunity_a, co_window_corner_a,
          co_window_of_opportunity_a, co_window_corner_a, co_window_corner_a,
          co_window_paths_a, co_window_paths_a, co_window_paths_b,
          co_window_2corner, co_window_broadway_b, co_window_paths_c,
          co_window_of_opportunity_b
Crypt:2:  layout_misc_corridors, weyrava_lich_vault, grunt_megastairs_2
Crypt:3:  due_elkab, layout_chaotic_city, tomb_entry_forgotten_bobbens,
          uniq_khufu, uniq_xtahua, uniq_margery
Depths:1: minmay_ornate_pinched, layout_basic, abyss_entry_flame_altar,
          hellmouth_1, skrybe_limestone_x, hellmonk_guarded_unrand_rift
Depths:2: grunt_profane_halls [grunt_profane_temple_dis,
          grunt_profane_temple_tar, grunt_profane_temple_geh,
          grunt_profane_temple_coc, grunt_profane_loot], abyss_entry,
          hell_entry, pan_entry
Depths:3: kennysheep_windowed_halls, layout_gridlike, enter_ziggurat_c,
          serial_sigils_hangedman_etch, hell_entry,
          abyss_entry_small_statue_room, kennysheep_minor_cross,
          hangedman_ru_absence, minmay_staircase_bubble
Depths:4: grunt_zot_entry_funnels, layout_honeycomb, hellmouth_2,
          nicolae_gozag_cash_rules_everything_around_me, serial_shops, shop,
          hangedman_abyss_entry_splay, nrook_kobold_shadow_demons
Hell
Tar:1:    layout_honeycomb, nicolae_tar_cuneiform_bread
Tar:2:    layout_catacombs
Tar:3:    layout_catacombs
Tar:4:    layout_honeycomb, lemuel_nasty_pond
Tar:5:    layout_grid_maze
Tar:6:    layout_grid_maze
Tar:7:    tar_grunt_cathedral
Zot:1:    layout_misc_corridors, st_large_dragon_hoard_2
Zot:2:    layout_cellular_growth, gammafunk_ghost_crypt, lemuel_baited_zot_trap,
          not_door_vault_due

Skill      XL: |  1  2  3  4  5  6  7  8  9 10 11 12 13 14 15 16 17 18 19 20 21 22 23 24 25 26 27 |
---------------+----------------------------------------------------------------------------------+-----
Transmutations | 3 4 5 6 7 8 9 11 13 14 19 | 19.6
Poison Magic   | 1 2 3 |  3.0
Spellcasting   | 3 4 5 6 7 9 16 | 16.4
Fighting       | 3 4 8 9 11 14 16 18 20 22 24 | 24.3
Ice Magic      | 2 3 |  3.0
Unarmed Combat | 4 5 8 9 10 11 12 13 15 16 21 | 21.6
Invocations    | 3 8 9 |  9.2
Shields        | 1 2 3 |  3.0
Earth Magic    | 5 8 11 13 14 | 14.4
Evocations     | 4 6 8 9 |  9.7
Dodging        | 3 6 9 10 12 13 14 17 | 17.9
Conjurations   | 6 10 14 16 19 20 24 | 24.7
Fire Magic     | 6 10 14 16 19 20 23 | 23.2
Necromancy     | 16 | 16.0

Action                     |  1- 3 |  4- 6 |  7- 9 | 10-12 | 13-15 | 16-18 | 19-21 | 22-24 | 25-27 || total
---------------------------+-------+-------+-------+-------+-------+-------+-------+-------+-------++-------
  Melee: Unarmed           |    68 |   161 |   367 |   336 |   619 |   899 |   773 |   812 |  2789 ||  6824
         Constrict         |    21 |    17 |    39 |     4 |    65 |   129 |   142 |   156 |   431 ||  1004
         Tentacles         |    16 |    21 |    41 |    11 |   154 |   261 |   205 |   255 |   837 ||  1801
         Kick              |     4 |    10 |     4 |       |     4 |       |       |       |   154 ||   176
         Punch             |       |     1 |     4 |     1 |    66 |    85 |    99 |   142 |   431 ||   829
  Throw: Dart              |       |       |     2 |       |       |       |       |       |       ||     2
         Throwing net      |       |       |     1 |       |       |       |       |       |       ||     1
   Cast: Beastly Appendage |     5 |     5 |     3 |       |     1 |       |       |       |       ||    14
         Spider Form       |       |     7 |    14 |     1 |       |       |       |       |       ||    22
         Wereblood         |       |     2 |     9 |    13 |    15 |    16 |     9 |    10 |     9 ||    83
         Ice Form          |       |       |    16 |    30 |    10 |       |     1 |       |       ||    57
         Statue Form       |       |       |       |       |    50 |    89 |    87 |    58 |   205 ||   489
         Iron Shot         |       |       |       |       |       |       |     5 |     1 |    50 ||    56
         Fire Storm        |       |       |       |       |       |       |       |       |   116 ||   116
         Lehudib's Crystal |       |       |       |       |       |       |       |       |    15 ||    15
         Necromutation     |       |       |       |       |       |       |       |       |     5 ||     5
 Invoke: Slouch            |       |       |       |       |     7 |     8 |     8 |     8 |    32 ||    63
         Temporal Distorti |       |       |       |       |       |     1 |       |       |       ||     1
Ability: End Transformatio |       |       |     1 |       |       |       |       |     1 |       ||     2
         Evoke Blink       |       |       |       |       |       |       |       |       |     2 ||     2
  Evoke: Wand              |       |       |     2 |       |     3 |     1 |     1 |     1 |     8 ||    16
         Condenser vane    |       |       |       |       |       |       |     1 |       |     1 ||     2
         Lightning rod     |       |       |       |       |       |       |       |       |     1 ||     1
    Use: Scroll            |       |     3 |     6 |     6 |    14 |     8 |     6 |     6 |    19 ||    68
         Potion            |       |     4 |       |     1 |     1 |       |     2 |       |    17 ||    25
   Stab: Sleeping          |     8 |     7 |     4 |     3 |     6 |    10 |    10 |    11 |    22 ||    81
         Distracted        |       |     1 |     1 |     1 |     2 |     8 |     5 |       |    24 ||    42
         Paralysed         |       |       |       |       |       |       |       |       |     2 ||     2
 Armour: Skin              |     1 |     6 |    63 |    86 |   522 |   562 |   217 |   296 |   932 ||  2685
  Dodge: Dodged            |    26 |    92 |   233 |   229 |   720 |  1520 |  1287 |  1269 |  4261 ||  9637
  Block: Buckler           |       |       |       |     9 |   373 |   619 |   537 |   864 |  2760 ||  5162
         Reflection        |       |       |       |       |       |    35 |    32 |    49 |    57 ||   173
